 Dungeon Crawl Stone Soup version 0.18.1-50-g88ac8fd (webtiles) character file.

72 ubername the Poker (level 4, 0/37 HPs)
             Began as a Draconian Skald on Apr 2, 2017.
             Killed from afar by Rufus's ghost (7 damage)
             ... with a puff of flame
             ... on level 3 of the Dungeon.
             The game lasted 00:05:18 (2044 turns).

ubername the Poker (Draconian Skald)                Turns: 2044, Time: 00:05:18

Health: 0/37       AC:  5    Str: 15    XL:     4   Next: 7%
Magic:  6/7        EV: 11    Int: 13    God:
Gold:   119        SH:  0    Dex: 10    Spells: 1 memorised, 6 levels left

rFire  . . .     SeeInvis .     a - +0 spear
rCold  . . .     Gourm    .     (armour unavailable)
rNeg   . . .     Faith    .     (no shield)
rPois  .         Spirit   .     (helmet restricted)
rElec  .         Dismiss  .     (no cloak)
rCorr  .         Reflect  .     (no gloves)
SustAt .         Harm     .     (no boots)
MR     .....                    (no amulet)
Stlth  +.........               (no ring)
                                (no ring)

@: infused (expiring), very slightly contaminated, invisible, not resistant to
hostile enchantments, very unstealthy
A: unfitting armour, cold-blooded, AC +5
a: no special abilities


You were on level 3 of the Dungeon.
You were not hungry.

You visited 1 branch of the dungeon, and saw 3 of its levels.

You collected 119 gold pieces.

Inventory:

Hand Weapons
 a - a +0 spear (weapon)
 u - a +0 quarterstaff
 v - a +1 short sword of protection
Missiles
 i - 184 stones (quivered)
Jewellery
 t - an uncursed amulet of harm
Scrolls
 e - 3 scrolls of identify
 h - a scroll of blinking {unknown}
 k - a scroll of fog {unknown}
 m - a scroll of random uselessness {unknown}
 o - 2 scrolls of enchant weapon {unknown}
 p - 2 scrolls of enchant armour {unknown}
 r - a scroll of remove curse {unknown}
Potions
 g - a potion of lignification {unknown}
 l - a potion of degeneration {unknown}
 n - a potion of magic {unknown}
Books
 b - a book of Battle

   Spells                             Type                      Level
   a - Infusion                       Charms                       1
   b - Shroud of Golubria             Charms/Translocation         2
   c - Song of Slaying                Charms                       2
   d - Spectral Weapon                Hexes/Charms                 3
   e - Regeneration                   Charms/Necromancy            3
Comestibles
 c - 2 bread rations
 d - 2 beef jerkies
 f - 2 meat rations
 q - 3 chunks of flesh
 s - a royal jelly


   Skills:
 - Level 2.3 Fighting
 * Level 4.0 Polearms
 - Level 1.3 Dodging
 - Level 2.0 Spellcasting
 - Level 3.0 Charms


You had 6 spell levels left.
You knew the following spells:

 Your Spells              Type           Power        Failure   Level  Hunger
a - Infusion              Chrm           #...         10%         1    ##.....


Dungeon Overview and Level Annotations

Branches:
Dungeon (3/15)

Altars:

Annotations:
D:3 Rufus's ghost, weakling DrFE


Innate Abilities, Weirdness & Mutations

Your plain brown scales are hard (AC +5).
Your body does not fit into most forms of armour.
You are cold-blooded and may be slowed by cold attacks.


Message History

Rufus's ghost says, "Would you like to be cremated?"
Rufus's ghost barely misses you.
You hit Rufus's ghost.
Rufus's ghost is heavily damaged.
Rufus's ghost hits you.
You closely miss Rufus's ghost.
Rufus's ghost is heavily damaged.
Rufus's ghost hits you.
* * * LOW HITPOINT WARNING * * *
You miss Rufus's ghost.
You tail-slap Rufus's ghost, but do no damage.
Rufus's ghost is heavily damaged.
Rufus's ghost closely misses you.
Drink which item? (? for menu, Esc to quit)
You fade into invisibility!
Rufus's ghost closely misses you.
You are very lightly contaminated with residual magic.
Rufus's ghost gestures at something while chanting.
The puff of flame hits you!
You die...

##.....## #....#
#.......# #.##.#
#.....>.###.##.#
#......g..).##.#
###
#......#W#####.#
#.. #.#...##.# #.#
#.# #.##W###.# #.#
#.# #
#...##.#####.###.#
#..###.gW.@......#
#g## ##########.##
#. #.# .. #.# ..
#.######.## %..
......)...#
..######..#
..######..##
...........##


You could see Rufus's ghost and a hobgoblin.

Vanquished Creatures
  An adder (D:2)
  2 oozes (D:3)
  2 worms
  2 dart slugs (D:2)
  3 giant geckos
  4 bats
  3 giant cockroaches
  6 goblins
  4 hobgoblins
  5 kobolds
  2 ball pythons
  2 giant newts (D:2)
  6 rats
42 creatures vanquished.

Notes
Turn   | Place    | Note
--------------------------------------------------------------
     0 | D:1      | ubername the Draconian Skald began the quest for the Orb.
     0 | D:1      | Reached XP level 1. HP: 17/17 MP: 3/3
    97 | D:1      | Reached XP level 2. HP: 25/25 MP: 5/5
   989 | D:2      | Found a faded altar to an unknown god.
  1055 | D:2      | Reached skill level 3 in Polearms
  1055 | D:2      | Reached XP level 3. HP: 13/30 MP: 2/6
  1878 | D:3      | Reached skill level 4 in Polearms
  1878 | D:3      | Reached XP level 4. HP: 19/37 MP: 0/7
  2018 | D:3      | Noticed Rufus's ghost (weakling DrFE)
  2044 | D:3      | Killed from afar by Rufus's ghost

Skill      XL: |  1  2  3 |
---------------+----------+-----
Charms         | 3 |  3.0
Polearms       | 3 4 |  4.0
Fighting       | |  2.3
Dodging        | |  1.3
Spellcasting   | |  2.0

Action                   |  1- 3 |  4- 6 || total
-------------------------+-------+-------++-------
Melee: Spear             |   146 |    15 ||   161
       Tailslap          |    12 |     2 ||    14
 Cast: Infusion          |     6 |     1 ||     7
  Use: Potion            |     1 |     1 ||     2
       Scroll            |     1 |       ||     1
 Stab: Sleeping          |     4 |       ||     4
  Eat: Chunk             |     3 |     1 ||     4
Armor: Skin              |    29 |     3 ||    32
Dodge: Dodged            |    51 |     7 ||    58
